 Dungeon Crawl Stone Soup version 0.32-a0-893-gf85d74f (webtiles) character file.

Game seed: 12471159001626902699

186 danspanner the Trooper (level 5, -2/33 HPs)
             Began as a Gargoyle Fighter on Apr 3, 2024.
             Slain by a gnoll
             ... wielding a +0 heavy spear
             ... led by a gnoll bouda
              (4 damage)
             ... on level 4 of the Dungeon.
             The game lasted 00:11:59 (2513 turns).

danspanner the Trooper (Gargoyle Fighter)           Turns: 2513, Time: 00:12:00

Health: -2/33      AC: 16    Str: 22    XL:     5   Next: 66%
Magic:  1/1        EV:  8    Int:  8    God:
Gold:   213        SH:  4    Dex:  9    Spells: 4/4 levels left

rFire   + . .        i - +0 demon blade (antimagic)
rCold   . . .        c - +0 buckler
rNeg    + . .        o - +1 scale mail {Will+}
rPois   ∞            (no helmet)
rElec   +            (no cloak)
rCorr   .            (no gloves)
SInv    .            (no boots)
Will    +....        (no amulet) Stlth
                     g - ring of protection from fire
HPRegen 0.25/turn    n - +4 ring of protection
MPRegen 0.07/turn

%: no passive effects
@: mighty, weakened
A: sickness immunity, AC +4, negative energy resistance 1, electricity
resistance, torment resistance 1, petrification resistance
a: no special abilities


You were on level 4 of the Dungeon.
You visited 1 branch of the dungeon, and saw 4 of its levels.

You collected 213 gold pieces.

Inventory:

Hand Weapons
 h - a +1 flail of protection
 i - a +0 antimagic demon blade (weapon)
Armour
 b - a +0 plate armour
 c - a +0 buckler (worn)
 o - a +1 scale mail of willpower (worn)
Jewellery
 g - a ring of protection from fire (left hand)
 n - a +4 ring of protection (right hand)
Scrolls
 f - a scroll of poison
 j - a scroll of teleportation {unknown}
 k - a scroll of revelation {unknown}
 l - 4 scrolls of amnesia
 m - a scroll of blinking {unknown}
Potions
 a - a potion of heal wounds {unknown}
 d - 2 potions of might
 e - 2 potions of curing
 p - a potion of brilliance {unknown}


   Skills:
 + Level 4.3 Fighting
 + Level 1.5 Long Blades
 + Level 3.1 Maces & Flails
 + Level 4.2 Armour
 + Level 4.2 Shields


You had 4 spell levels left.
You didn't know any spells.
Your spell library contained the following spells:

 Spells                   Type           Power      Damage    Failure   Level
 Shock                    Conj/Air       0%         1d3       80%         1
 Passwall                 Erth           0%         N/A       99%         3
 Swiftness                Air            0%         N/A       99%         3
 Tukima's Dance           Hex            0%         N/A       99%         3
 Volatile Blastmotes      Fire/Tloc      0%         2d10      99%         3
 Airstrike                Air            0%         2d(0-16)  100%        4
 Fulminant Prism          Conj/Alch      0%         3d5       100%        4
 Iskenderun's Mystic Bla Conj/Tloc 0%             2d3        (+2d1     100%        4
 Petrify                  Alch/Erth      0%         N/A       100%        4
 Vhi's Electric Charge    Tloc/Air       0%         N/A       100%        4
 Lee's Rapid Deconstruct  Erth           0%         3d4*      100%        5
 Yara's Violent Unravell  Hex/Alch       0%         3d3       100%        5
 Bombard                  Conj/Erth      0%         9d1       100%        6


Dungeon Overview and Level Annotations

Branches:
Dungeon (4/15)
 Temple: D:4-7

Altars:
Ashenzari
Makhleb
Sif Muna
Yredelemnul
The Shining One

Shops:
D:4 [

Annotations:
D:2 1 runed translucent door, Crazy Yiuf


Innate Abilities, Weirdness & Mutations

You are immune to sickness and miasma.
Your stone body is resilient. (AC +4)
You are immune to poison.
You resist negative energy. (rN+)
You are resistant to electric shocks. (rElec)
You are resistant to unholy torment.
You are immune to petrification.


Message History

The gnoll is healed somewhat.
You barely miss the gnoll.
The gnoll is heavily wounded.
The gnoll closely misses you. x2
You barely miss the gnoll.
The gnoll is heavily wounded.
The gnoll hits you with a +0 whip!
You barely miss the gnoll.
The gnoll is heavily wounded.
The gnoll hits you but does no damage.
You slash the gnoll!
The gnoll is almost dead.
The gnoll hits you but does no damage.
You closely miss the gnoll.
The gnoll is almost dead.
The gnoll barely misses you.
The gnoll bouda gazes fiercely through you!
You feel your attacks grow feeble. The gnoll hits you but does no damage.
You barely miss the gnoll.
The gnoll is almost dead.
The gnoll hits you with a +0 whip.
The gnoll bouda gazes fiercely through you!
You feel as though you will be weak longer.
You hit the gnoll.
You kill the gnoll!
The gnoll is no longer moving quickly.
You feel very mighty all of a sudden.
The gnoll hits you from afar with a +0 heavy spear!
* * * LOW HITPOINT WARNING * * *
The gnoll bouda barks out a call to the hunt!
The gnoll picks up the pace!
You hit the gnoll bouda but do no damage.
The gnoll is no longer moving quickly.
You block the gnoll bouda's attack.
The gnoll hits you from afar with a +0 heavy spear.
* * * LOW HITPOINT WARNING * * *
You closely miss the gnoll bouda.
The gnoll bouda hits you but does no damage.
The gnoll hits you from afar with a +0 heavy spear.
You die...

#..........PP.♣..P.#
#######.#....P..~~~...#
#.....#...(....~~~~♣..#
#.............~~~~♣~P.#
.........##.#.~♣~~.♣..#
.......g###..♣~~~♣~...#
......#g# ##..~~~~..P.#
##......#g#
#..♣♣~♣.P..# ##..#...
#@# ###....P#.##
...#..###.# #.♣...#.#
#....#...# ##..P...#
###.......# ###..###
##.........# #.##
#...#..........# ##.#
#...#......∩...# ##..#
###...####.......###
#..##
#..................#
#.##


You could see a gnoll bouda and 2 gnolls.

Vanquished Creatures
  Terence (D:2)
  3 gnolls (D:4)
  6 adders
  3 dart slugs
  A ribbon worm (D:3)
  9 orcs (D:3)
  6 ball pythons
  3 endoplasms
  4 giant cockroaches
  2 goblins (D:1)
  5 hobgoblins
  2 jackals (D:2)
  A quokka (D:1)
  5 bats
  5 frilled lizards
  3 kobolds
  5 rats
64 creatures vanquished.

Notes
Turn   | Place    | Note
-------+----------+-------------------------------------------
     0 | D:1      | danspanner the Gargoyle Fighter began the quest for the
                  | Orb.
     0 | D:1      | Reached XP level 1. HP: 14/14 MP: 1/1
   384 | D:1      | Reached XP level 2. HP: 19/19 MP: 2/2
   664 | D:1      | Reached XP level 3. HP: 23/23 MP: 1/3
   886 | D:2      | Noticed Terence
   899 | D:2      | Killed Terence
   900 | D:2      | Reached XP level 4. HP: 8/29 MP: 1/4
  1172 | D:2      | Found a runed translucent door.
  1173 | D:2      | Noticed Crazy Yiuf
  1515 | D:3      | Reached skill level 1 in Long Blades
  1517 | D:3      | Found a shimmering blue altar of Sif Muna.
  1859 | D:3      | Found a broken altar of Ashenzari.
  1979 | D:3      | Reached XP level 5. HP: 33/33 MP: 1/5
  2192 | D:3      | Found a burning altar of Makhleb.
  2296 | D:4      | Found Sulaq's Antique Armour Boutique.
  2328 | D:4      | Got Sif Muna's Encyclopedia of the Hexing Mantle
  2372 | D:4      | Found a basalt altar of Yredelemnul.
  2374 | D:4      | Noticed a profane servitor
  2383 | D:4      | Found a glowing golden altar of the Shining One.
  2513 | D:4      | Slain by a gnoll

Illustrated notes

Levels and vault maps discovered:
D:1:      shiori_shiawase, layout_basic, kennysheep_small_spiral,
          feat_on_display
D:2:      layout_basic, corner_web_ring, uniq_terence, uniq_crazy_yiuf_cottage
D:3:      layout_loops_ring, lightli_temple_of_fire,
          nicolae_overflow_crystal_walls, lemuel_doored_altar
D:4:      layout_rooms, grunt_temple_overflow_holy_war, serial_curves,
          eino_curves_02, eino_curves_02, eino_curves_04, serial_shops, shop,
          shop, nicolae_shop_bloodbath_and_beyond, shop_coins,
          nicolae_shop_tiny_real_fake_doors, serial_bayou_pond_a,
          minmay_starry_boxes

Skill      XL: |  1  2  3  4  5 |
---------------+----------------+-----
Long Blades    | 1 |  1.5
Fighting       | 4 |  4.3
Armour         | 4 |  4.2
Shields        | 4 |  4.2
Maces & Flails | 3 |  3.1

Action                     |  1- 3 |  4- 6 || total
---------------------------+-------+-------++-------
  Melee: Flail             |    44 |       ||    44
         Demon blade       |    72 |   156 ||   228
    Use: Scroll            |     3 |     2 ||     5
         Potion            |       |     1 ||     1
 Armour: Scale mail        |    99 |   171 ||   270
  Dodge: Dodged            |    50 |    69 ||   119
  Block: Buckler           |    25 |    43 ||    68

Table legend: (Time is in decaauts)
 A = Elapsed time spent in this place.
 B = Non-inter-level travel time spent in this place.
 C = Inter-level travel time spent in this place.
 D = Time resting spent in this place.
 E = Time spent auto-exploring this place.
 F = Levels seen in this place.
 G = Mean time per level.
                   A        B        C        D        E       F      G
               +--------+--------+--------+--------+--------+-----+--------+
         Total |   2592 |   2543 |     49 |      0 |   1896 |   4 |  648.0 |
       Dungeon |   2592 |   2543 |     49 |      0 |   1896 |   4 |  648.0 |
               +--------+--------+--------+--------+--------+-----+--------+

Top non-repeatable levels by time:
     D:3: 864 daAuts
     D:2: 778 daAuts
     D:1: 718 daAuts
     D:4: 231 daAuts
